 Dungeon Crawl Stone Soup version 0.21-a0-426-g98080a9 (webtiles) character file.

674 mastercheaf21 the Covert (level 7, -15/45 HPs)
             Began as an Octopode Assassin on Nov 7, 2017.
             Demolished by an ogre
             ... wielding a +0 giant spiked club
              (28 damage)
             ... on level 4 of the Dungeon.
             The game lasted 00:16:15 (3508 turns).

mastercheaf21 the Covert (Octopode Assassin)        Turns: 3508, Time: 00:16:16

Health: -15/45     AC:  1    Str: 11    XL:     7   Next: 59%
Magic:  7/7        EV: 14    Int: 13    God:
Gold:   196        SH:  0    Dex: 15    Spells: 6/6 levels left

rFire    . . .     SeeInvis .   a - +2 dagger
rCold    . . .     Gourm    .   (no shield)
rNeg     . . .     Faith    .   (helmet restricted)
rPois    .         Spirit   .   o - amulet of regeneration
rElec    .         Reflect  .   (no ring)
rCorr    .         Harm     .   (no ring)
MR       .....                  (no ring)
Stlth    ++++++....             (no ring)
HPRegen  0.55/turn              (no ring)
MPRegen  0.10/turn              (no ring)
                                (no ring)
                                (no ring)

@: no status effects
A: almost no armour, stealthy swim, amphibious, 8 rings, constrict 8, camouflage
1, gelatinous body 1
a: no special abilities


You were on level 4 of the Dungeon.
You were not hungry.

You visited 1 branch of the dungeon, and saw 4 of its levels.

You collected 196 gold pieces.

Inventory:

Hand Weapons
 a - a +2 dagger (weapon)
 b - a +0 blowgun
 x - a +0 hunting sling
Missiles
 c - 8 poisoned needles
 d - 10 curare-tipped needles
 f - 21 sling bullets
 k - 16 tomahawks (quivered)
Jewellery
 o - an amulet of regeneration (around mantle)
Wands
 j - a wand of iceblast (10/15)
 r - a wand of enslavement (7/24)
 v - a wand of flame (21/48)
Scrolls
 g - a scroll of random uselessness
 l - a scroll of remove curse
 m - 2 scrolls of identify
 q - a scroll of immolation {unknown}
Potions
 h - 2 potions of resistance
 i - 2 potions of berserk rage {unknown}
 p - a potion of curing
 t - a potion of invisibility {unknown}
Comestibles
 n - a meat ration
 s - a royal jelly
 u - 4 bread rations
 w - 2 chunks of flesh


   Skills:
 - Level 2.5 Fighting
 - Level 3.6 Short Blades
 + Level 2.0 Throwing
 - Level 2.6 Dodging
 + Level 10.8 Stealth


You had 6 spell levels left.
You didn't know any spells.

Dungeon Overview and Level Annotations

Branches:
Dungeon (4/15)
 Temple: D:4-7

Altars:
Fedhas
Sif Muna
Uskayaw

Annotations:
D:4 Eustachio


Innate Abilities, Weirdness & Mutations

You cannot wear most types of armour.
You are very stealthy in the water. (Stealth+)
You are amphibious.
You can wear up to eight rings at the same time.
You can use your tentacles to constrict eight enemies at once.
Your skin changes colour to match your surroundings (Stealth+).
Your rubbery body absorbs attacks. (AC +1, EV +1)


Message History

You hit the ogre.
The ogre is moderately wounded.
The ogre misses you.
You barely miss the ogre. You squeeze the ogre, but do no damage.
The ogre is moderately wounded.
You hit the ogre.
The ogre is heavily wounded.
The ogre closely misses you.
You hit the ogre.
The ogre is heavily wounded.
You hit the ogre.
The ogre is severely wounded.
The ogre hits you with a giant spiked club!!
Ouch! That really hurt!
* * * LOW HITPOINT WARNING * * *
You hit the ogre but do no damage.
The ogre is severely wounded.
The ogre hits you with a giant spiked club!!
Ouch! That really hurt!
You die...

........'..........#
#.#.>.#.#
#.......########.#.#
#.#.#.#.# #.......#
#.#.# #.#.#.#.#
#.......# #.#.#
#.#...#.# #..^....#
#.#.# #.#####.#
######### #.#.#
#.......# #
#.#.##############
#.#...............
#######
#@########.#######
....... #O# #.#
....... #.# #.#
..@.... #.# #.#
.......##(# #.##
.....O.'/.# #..#
.......##.# ##.#
####.## #(# #.#####
# #.# #.....#


You could see an ogre.

Vanquished Creatures
  A centaur (D:3)
  A scorpion (D:4)
  3 hounds (D:4)
  Crazy Yiuf (D:2)
  2 orc wizards (D:4)
  2 bullfrog skeletons (D:4)
  An iguana (D:4)
  Natasha (thrice) (D:4)
  2 worker ants (D:4)
  7 adders
  2 worms
  12 dart slugs
  A leopard gecko (D:3)
  7 orcs
  A ball python (D:3)
  A giant cockroach (D:2)
  4 goblins
  6 hobgoblins
  4 jackals
  4 quokkas
  9 bats
  3 frilled lizards
  9 kobolds
  7 rats
93 creatures vanquished.

Notes
Turn   | Place    | Note
-------+----------+-------------------------------------------
     0 | D:1      | mastercheaf21 the Octopode Assassin began the quest for the Orb.
     0 | D:1      | Reached XP level 1. HP: 14/14 MP: 1/1
   291 | D:1      | Reached XP level 2. HP: 19/19 MP: 2/2
   370 | D:1      | Reached skill level 6 in Stealth
   790 | D:2      | Reached XP level 3. HP: 24/24 MP: 3/3
  1046 | D:2      | Found a deep blue altar of Sif Muna.
  1336 | D:2      | Reached XP level 4. HP: 29/29 MP: 4/4
  1536 | D:2      | Found a runed door.
  1540 | D:2      | Noticed Crazy Yiuf
  1548 | D:2      | Killed Crazy Yiuf
  1548 | D:2      | Reached skill level 7 in Stealth
  1665 | D:3      | Reached XP level 5. HP: 31/35 MP: 5/5
  1999 | D:3      | Noticed a centaur
  2002 | D:3      | Killed a centaur
  2002 | D:3      | Reached skill level 8 in Stealth
  2002 | D:3      | Reached XP level 6. HP: 41/41 MP: 6/6
  2084 | D:3      | Found a hide-covered altar of Uskayaw.
  2492 | D:4      | Found a blossoming altar of Fedhas.
  2494 | D:4      | Noticed Natasha
  2509 | D:4      | Killed Natasha
  2710 | D:4      | Reached skill level 9 in Stealth
  2733 | D:4      | Reached XP level 7. HP: 29/45 MP: 7/7
  2925 | D:4      | Reached skill level 10 in Stealth
  3099 | D:4      | Noticed Natasha
  3122 | D:4      | Killed Natasha
  3487 | D:4      | Noticed Natasha
  3490 | D:4      | Killed Natasha
  3493 | D:4      | Noticed Eustachio
  3508 | D:4      | Demolished by an ogre

Vault maps used:
D:1:      co_arrival_random_square_maze, minmay_misc_feat_four_crosses
D:2:      lemuel_doored_altar, lemuel_zombie_altar_yredelemnul,
          uniq_crazy_yiuf_cottage
D:3:      lemuel_coloured_pillars_altar, first_bread
D:4:      kennysheep_slugbush, nicolae_overflow_crystal_walls,
          hangedman_abyss_or_decor_passed, uniq_eustachio, uniq_natasha

Skill      XL: |  1  2  3  4  5  6  7 |
---------------+----------------------+-----
Stealth        | 6 7 8 9 10 | 10.8
Dodging        | 2 |  2.6
Short Blades   | 3 |  3.6
Fighting       | |  2.5
Throwing       | |  2.0

Action                   |  1- 3 |  4- 6 |  7- 9 || total
-------------------------+-------+-------+-------++-------
Melee: Dagger            |    69 |    90 |    58 ||   217
       Constrict         |    13 |    22 |    16 ||    51
       Tentacles         |    10 |    13 |    22 ||    45
Throw: Javelin           |       |       |     2 ||     2
  Use: Scroll            |       |     8 |       ||     8
       Potion            |       |     3 |       ||     3
 Stab: Sleeping          |    12 |    15 |     4 ||    31
  Eat: Chunk             |     1 |       |     3 ||     4
       Bread ration      |       |     1 |       ||     1
Armor: Skin              |    13 |     6 |       ||    19
Dodge: Dodged            |    53 |    45 |    24 ||   122

Table legend:
 A = Spawn XP
 B = Non-spawn XP
 C = Spawn XP percentage of total XP
 D = Spawn monster count
 E = Non-spawn monster count
 F = Spawn count percentage of total count
 G = Total turns spent on level
                    A         B        C        D         E        F      G
               +---------+---------+-------+---------+---------+-------+---------
         Total |       0 |     963 |   0.0 |       0 |      93 |   0.0 |  3508
               +---------+---------+-------+---------+---------+-------+---------
           D:1 |       0 |      31 |   0.0 |       0 |      19 |   0.0 |   766
           D:2 |       0 |      98 |   0.0 |       0 |      18 |   0.0 |   836
           D:3 |       0 |     207 |   0.0 |       0 |      26 |   0.0 |   838
           D:4 |       0 |     627 |   0.0 |       0 |      30 |   0.0 |  1068
               +---------+---------+-------+---------+---------+-------+---------
